 Dungeon Crawl Stone Soup version 0.30.1-11-g7821555f0a (webtiles) character file.

Game seed: 4215148821223798031

548 Ijustatesigmund the Conjurer (level 7, -3/43 (45) HPs)
             Began as an Octopode Conjurer on Jan 4, 2024.
             Was a Follower of Vehumet.
             Slain by a wight
             ... wielding a +2 heavy war axe
              (13 damage)
             ... on level 6 of the Dungeon.
             The game lasted 00:10:19 (6012 turns).

Ijustatesigmund the Conjurer (Octopode Conjurer)    Turns: 6012, Time: 00:10:19

HP:   -3/43 (45)    AC:  1    Str:  5 (6)  XL:     7   Next: 28%
MP:   12/13         EV: 13    Int: 22 (23) God:    Vehumet [*.....]
Gold: 137           SH:  0    Dex:  7 (10) Spells: 7/14 levels left

rFire   + . .        f - +0 mace
rCold   + . .        (no shield)
rNeg    . . .        (helmet restricted)
rPois   +            (no amulet)
rElec   +            (no ring)
rCorr   +            (no ring)
SInv    .            (no ring)
Will    .....        (no ring)
Stlth   +++          (no ring)
HPRegen 0.27/turn    (no ring)
MPRegen 0.13/turn    (no ring)
                     (no ring)

%: no passive effects
@: mighty, resistant, studying Evocations, lightly drained
A: almost no armour, amphibious, 8 rings, camouflage 1, gelatinous body 1,
(nimble swimmer 1), tentacles
a: Renounce Religion


You were on level 6 of the Dungeon.
You worshipped Vehumet.
Vehumet was aware of your devotion.
You visited 1 branch of the dungeon, and saw 5 of its levels.

You collected 221 gold pieces.
You spent 84 gold pieces at shops.

Inventory:

Hand Weapons
 f - a +0 mace (weapon)
Missiles
 h - a throwing net
Jewellery
 c - an amulet of guardian spirit
Scrolls
 d - a scroll of magic mapping {unknown}
 i - 2 scrolls of immolation
 j - a scroll of poison {unknown}
 p - a scroll of silence {unknown}
Potions
 b - a potion of curing
 l - 2 potions of mutation
 n - a potion of degeneration
 o - a potion of heal wounds {unknown}


   Skills:
 - Level 2.5 Fighting
 + Level 3.3 Dodging
 - Level 2.6 Stealth
 + Level 4.1 Spellcasting
 + Level 5.7 Conjurations
 * Level 2.4 Translocations


You had 7 spell levels left.
You knew the following spells:

 Your Spells              Type           Power      Damage    Failure   Level
a - Magic Dart            Conj           100%       1d8       1%          1
b - Searing Ray           Conj           58%        2d6       1%          2
c - Iskenderun's Mystic   Conj/Tloc      22%        2d6       21%         4

Your spell library contained the following spells:

 Spells                   Type           Power      Damage    Failure   Level
 Foxfire                  Conj/Fire      68%        2x1d7     3%          1
 Kiss of Death            Conj/Necr      68%        2d10      3%          1
 Apportation              Tloc           30%        N/A       4%          1
 Dazzling Flash           Conj/Hex       34%        N/A       11%         3
 Volatile Blastmotes      Fire/Tloc      18%        2d11      21%         3
 Confusing Touch          Hex            4%         N/A       32%         3
 Fulminant Prism          Conj/Hex       8%         3d7       34%         4
 Dispel Undead            Necr           4%         3d7       73%         4
 Alistair's Intoxication  Tmut/Pois      2%         N/A       97%         5
 Starburst                Conj/Fire      8%         6d4       99%         6


Dungeon Overview and Level Annotations

Branches:
Dungeon (4/15)
 Temple: D:4-7

Altars:
Vehumet
The Shining One

Shops:
D:1 *   D:3 [=


Innate Abilities, Weirdness & Mutations

You cannot wear most types of armour.
You are amphibious.
You can wear up to eight rings at the same time.
Your skin changes colour to match your surroundings (Stealth+).
Your rubbery body absorbs attacks. (AC +1, EV +1)
((You are camouflaged when in or above water. (Stealth+)))
You have tentacles for arms and can constrict up to eight enemies at once.


Message History

The wight is moderately damaged. (Press . to maintain the ray.)
A wight comes into view. It is wielding a +0 war axe.
The searing ray hits the wight.
The wight is severely damaged.
The searing ray misses the ufetubus.
The searing ray hits the wight.
The wight is lightly damaged.
The wight hits you with a +2 heavy war axe!
* * * LOW HITPOINT WARNING * * *
The searing ray hits the wight but does no damage.
The wight is severely damaged.
The searing ray hits the ufetubus.
The ufetubus is heavily wounded.
The searing ray misses the wight.
Without enough magic to sustain it, your searing ray dissipates.
The wight closely misses you.
You feel better. The wight barely misses you.
A jelly comes into view.
Magic courses through your body.
Casting: Searing Ray (safe; 1% risk of failure)
Confirm with . or Enter, or press ? or * to list all spells.
Aiming: Searing Ray (safe; 1% risk of failure)
Press: ? - help, Shift-Dir - straight line, f/p - wight
Aim: a wight, wielding a +2 heavy war axe and wearing a +0 robe (severely damaged, 79% to hit)
The searing ray hits the wight.
The wight is almost destroyed. (Press . to maintain the ray.)
The wight hits you with a +2 heavy war axe!
* * * LOW HITPOINT WARNING * * *
You feel drained.
* * * LOW HITPOINT WARNING * * *
The searing ray misses the wight.
The searing ray hits the ufetubus!
You kill the ufetubus!
Vehumet accepts your kill.
You feel your power returning.
The searing ray hits the wight!
The wight is almost destroyed.
The searing ray hits the sky beast!
The sky beast is heavily wounded.
The wight hits you with a +2 heavy war axe!
You die... #.. #.# #J#### #Y... #zzf

#.z #z# #@# . #)#
.. #)##.........
#)##......$.>
####.##.)...... .
#...........o. ..
####.##.#...##...
#.##.#.......
#.##.#...##...


You could see a sky beast, a sleepcap, a jelly and 4 wights.

Vanquished Creatures
  2 centaurs
  A phantom (D:4)
  An orc priest (D:6)
  Jessica (D:3)
  An iguana (D:4)
  An orc wizard (D:4)
  Natasha (D:2)
  7 adders
  An ufetubus (D:6)
  2 worms (D:2)
  3 dart slugs
  5 orcs
  3 ball pythons
  4 endoplasms
  3 giant cockroaches
  7 goblins
  11 hobgoblins
  3 jackals (D:2)
  5 quokkas
  6 bats
  8 frilled lizards (D:3)
  7 kobolds
  5 rats
88 creatures vanquished.

Vanquished Creatures (others)
  A centaur (D:4)
  An orc (D:6)
2 creatures vanquished.

Grand Total: 90 creatures vanquished

Notes
Turn   | Place    | Note
-------+----------+-------------------------------------------
     0 | D:1      | Ijustatesigmund the Octopode Conjurer began the quest for
                  | the Orb.
     0 | D:1      | Reached XP level 1. HP: 11/11 MP: 3/3
    65 | D:1      | Found a faded altar of an unknown god.
   166 | D:1      | Reached XP level 2. HP: 14/18 MP: 1/5
   169 | D:1      | Learned a level 2 spell: Searing Ray
   338 | D:1      | Reached skill level 1 in Fighting
   812 | D:1      | Reached XP level 3. HP: 23/23 MP: 2/6
   870 | D:1      | Found Jecunu's Assorted Antiques.
  1583 | D:2      | Reached XP level 4. HP: 29/29 MP: 3/8
  1661 | D:2      | Found a radiant altar of Vehumet.
  1669 | D:2      | Became a worshipper of Vehumet
  2821 | D:2      | Noticed Natasha
  2834 | D:2      | Killed Natasha
  2997 | D:2      | Reached * piety under Vehumet
  2997 | D:2      | Offered knowledge of Foxfire by Vehumet.
  2998 | D:2      | Reached XP level 5. HP: 34/34 MP: 7/9
  3318 | D:3      | Found a glowing golden altar of the Shining One.
  3918 | D:3      | Found Kaalaf's Jewellery Boutique.
  3981 | D:1      | Bought a scroll labelled GOCRIT TEAFAWN for 21 gold pieces
  3981 | D:1      | Bought a scroll labelled HUPTIH JUBUR for 21 gold pieces
  3981 | D:1      | Bought a scroll labelled HUPTIH JUBUR for 21 gold pieces
  3981 | D:1      | Bought a scroll labelled IRAACL VINE for 21 gold pieces
  4046 | D:3      | Found Peneb's Armour Shoppe.
  4382 | D:3      | Noticed Jessica
  4389 | D:3      | Killed Jessica
  4390 | D:3      | Reached skill level 5 in Conjurations
  5229 | D:4      | Noticed a phantom
  5241 | D:4      | Killed a phantom
  5242 | D:4      | Reached XP level 6. HP: 29/41 MP: 1/11
  5404 | D:4      | Learned a level 4 spell: Iskenderun's Mystic Blast
  5422 | D:4      | Reached skill level 1 in Translocations
  5851 | D:4      | Reached XP level 7. HP: 30/45 MP: 0/13
  5959 | D:4      | You fall into a shaft and drop 2 floors!
  6012 | D:6      | Slain by a wight

Illustrated notes

Levels and vault maps discovered:
D:1:      elethiomel_arrival_infinity_welcomes_careful_drivers, layout_rooms,
          serial_shops, nicolae_shop_hallway_plus,
          chequers_ecumenical_altar_island
D:2:      minmay_evil_eye, layout_basic, basic_altar, uniq_natasha
D:3:      layout_basic, tso_altar, serial_shops, nicolae_shop_behind_doors,
          nicolae_shop_gaudy_bauble, minmay_lizard_king, uniq_jessica
D:4:      layout_loops_ring, lemuel_tele_altar,
          nicolae_qazlal_general_emergency, ebering_ghost_rock_garden,
          dreamdust_wishing_well, minmay_manual_mares
D:6:      layout_basic, serial_shops, nicolae_shop_advertising_works
          [nicolae_subvault_shop_adworks], minmay_divided_ellipse

Skill      XL: |  1  2  3  4  5  6  7 |
---------------+----------------------+-----
Fighting       | 1 2 |  2.5
Spellcasting   | 3 4 |  4.1
Conjurations   | 5 |  5.7
Dodging        | 3 |  3.3
Translocations | 1 2 |  2.4
Stealth        | |  2.6

Action                     |  1- 3 |  4- 6 |  7- 9 || total
---------------------------+-------+-------+-------++-------
  Melee: Unarmed           |    13 |       |       ||    13
         Tentacles         |     6 |     1 |     1 ||     8
         Constrict         |     5 |     4 |     1 ||    10
         Mace              |    10 |    18 |     3 ||    31
   Cast: Magic Dart        |    48 |    93 |       ||   141
         Searing Ray       |     2 |    14 |     2 ||    18
         Iskenderun's Myst |       |       |     3 ||     3
  Evoke: Wand              |       |     1 |     2 ||     3
    Use: Scroll            |       |     5 |     2 ||     7
         Potion            |       |       |     7 ||     7
   Stab: Sleeping          |       |     1 |       ||     1
 Armour: Skin              |     1 |       |     2 ||     3
  Dodge: Dodged            |    19 |    21 |    16 ||    56
